 Dungeon Crawl Stone Soup version 0.18.1-47-g9310371 (webtiles) character file.

317 Gagarin the Skirmisher (level 6, -4/56 HPs)
             Began as a Minotaur Fighter on June 20, 2016.
             Slain by Sigmund
             ... wielding a +2 scythe of protection
              (7 damage)
             ... on level 2 of the Dungeon.
             The game lasted 00:06:00 (1490 turns).

Gagarin the Skirmisher (Minotaur Fighter)           Turns: 1490, Time: 00:06:01

Health: -4/56      AC:  7    Str: 22    XL:     6   Next: 20%
Magic:  5/5        EV:  8    Int:  5    God:
Gold:   50         SH: 10    Dex: 10    Spells: 0 memorised, 5 levels left

rFire  . . .     SeeInvis .     a - +0 war axe
rCold  . . .     Gourm    .     b - +0 scale mail
rNeg   . . .     Faith    .     c - +0 shield
rPois  .         Spirit   .     (helmet restricted)
rElec  .         Dismiss  .     (no cloak)
rCorr  .         Reflect  .     (no gloves)
SustAt .         Harm     .     (no boots)
MR     .....                    (no amulet)
Stlth  ..........               (no ring)
                                (no ring)

@: very slightly contaminated, hasted, very quick, not resistant to hostile
enchantments, extremely unstealthy
A: retaliatory headbutt, horns 2
a: no special abilities


You were on level 2 of the Dungeon.
You were not hungry.

You visited 1 branch of the dungeon, and saw 3 of its levels.

You collected 50 gold pieces.

Inventory:

Hand Weapons
 a - a +0 war axe (weapon)
Armour
 b - a +0 scale mail (worn)
 c - a +0 shield (worn)
Scrolls
 i - 2 scrolls of identify {unknown}
 j - 2 scrolls of enchant armour {unknown}
 k - a scroll of fog {unknown}
 n - a scroll of noise {unknown}
 o - a scroll of remove curse {unknown}
Potions
 e - a potion of haste
 g - a potion of heal wounds {unknown}
 l - a potion of agility {unknown}
 m - a potion of ambrosia {unknown}
Comestibles
 f - a bread ration


   Skills:
 + Level 5.2 Fighting
 + Level 4.1 Axes
 + Level 5.0 Armour
 + Level 2.5 Dodging
 + Level 0.3 Stealth
 + Level 4.6 Shields


You had 5 spell levels left.
You didn't know any spells.

Dungeon Overview and Level Annotations

Branches:
Dungeon (3/15)

Altars:
Ru

Annotations:
D:2 Sigmund
D:3 Natasha, Robin


Innate Abilities, Weirdness & Mutations

You reflexively headbutt those who attack you in melee.
You have a pair of horns on your head.


Message History

Something hits you but does no damage.
You slash something! You block something's attack.
All of the chunks of flesh in your inventory have rotted away.
Drink which item? (? for menu, Esc to quit)
You feel yourself speed up.
You are very lightly contaminated with residual magic.
Your shield prevents you from hitting something.
You headbutt something.
You hear some strange, mumbled words.
A magic dart appears from out of thin air!
The magic dart hits you!
You closely miss something. You headbutt something!
You block something's attack.
You miss something. You hit something but do no damage. Something hits you!
* * * LOW HITPOINT WARNING * * *
You hit something but do no damage.
Sigmund appears from thin air!
Reactivating autopickup.
Sigmund hits you with a scythe of protection!
You die...

#.....>...$... +...
#.....######## #...
#.....# #... #.....#
#... #.#+### #####... #.
######### ######.......
# ........ ........'####
#####...##########.#...#
....'.@@.......).'.#...#
#####.†.##########.#....
#...# #.###._ #...#
###.... #...# #.#...#
##### #.#...# #.'####
#....# #.####


You could see Sigmund.

Vanquished Creatures
  A howler monkey (D:3)
  Terence (D:3)
  Jessica (D:3)
  Natasha (twice) (D:3)
  2 orc wizards (D:3)
  3 gnolls (D:2)
  3 adders
  An ooze (D:1)
  4 dart slugs
  An orc (D:3)
  2 ball pythons (D:2)
  3 giant cockroaches
  7 goblins
  6 hobgoblins
  3 jackals (D:3)
  A quokka (D:3)
  5 bats
  5 giant newts
  7 kobolds
  11 rats
69 creatures vanquished.

Notes
Turn   | Place    | Note
--------------------------------------------------------------
     0 | D:1      | Gagarin the Minotaur Fighter began the quest for the Orb.
     0 | D:1      | Reached XP level 1. HP: 19/19 MP: 0/0
    75 | D:1      | Reached XP level 2. HP: 25/27 MP: 1/1
   513 | D:1      | Reached XP level 3. HP: 30/33 MP: 2/2
   684 | D:2      | Reached XP level 4. HP: 34/41 MP: 3/3
   687 | D:2      | Reached skill level 1 in Dodging
   810 | D:2      | Found a sacrificial altar of Ru.
   903 | D:2      | Noticed Sigmund
   916 | D:3      | Noticed Terence
   930 | D:3      | Killed Terence
  1152 | D:3      | Reached XP level 5. HP: 44/47 MP: 4/4
  1158 | D:3      | Noticed Natasha
  1162 | D:3      | Noticed Jessica
  1164 | D:3      | Killed Natasha
  1165 | D:3      | Reached skill level 5 in Fighting
  1169 | D:3      | Killed Jessica
  1171 | D:3      | Noticed Natasha
  1181 | D:3      | Reached XP level 6. HP: 20/56 MP: 5/5
  1181 | D:3      | Killed Natasha
  1181 | D:3      | Reached skill level 5 in Armour
  1245 | D:3      | Noticed Robin
  1249 | D:3      | Noticed Natasha
  1490 | D:2      | Slain by Sigmund

Skill      XL: |  1  2  3  4  5  6 |
---------------+-------------------+-----
Shields        | 4 |  4.6
Fighting       | 4 5 |  5.2
Armour         | 4 5 |  5.0
Axes           | 3 4 |  4.1
Dodging        | 1 2 |  2.5
Stealth        | |  0.3

Action                   |  1- 3 |  4- 6 || total
-------------------------+-------+-------++-------
Melee: War axe           |    56 |    97 ||   153
       Headbutt          |     8 |    11 ||    19
  Use: Potion            |       |     2 ||     2
 Stab: Invisible         |       |     1 ||     1
       Paralysed         |       |     1 ||     1
  Eat: Chunk             |       |     2 ||     2
Armor: Scale mail        |    37 |    49 ||    86
Dodge: Dodged            |    16 |    37 ||    53
Block: Shield            |    40 |    56 ||    96
